 Dungeon Crawl Stone Soup version 0.31.0-32-g396128a36d (webtiles) character file.

Game seed: 1387466368568243257

6171 Doomgape the Protected (level 10, -6/64 HPs)
             Began as a Gargoyle Fighter on Mar 27, 2024.
             Mangled by a yak (8 damage)
             ... on level 9 of the Dungeon.
             The game lasted 00:27:52 (8187 turns).

Doomgape the Protected (Gargoyle Fighter)           Turns: 8187, Time: 00:27:53

Health: -6/64      AC: 26    Str: 25    XL:     10   Next: 91%
Magic:  10/10      EV:  7    Int:  8    God:
Gold:   635        SH:  5    Dex:  9    Spells: 9/9 levels left

rFire   + . .        m - +0 morningstar
rCold   . . .        c - +0 buckler
rNeg    + . .        t - +0 plate armour
rPois   ∞            (no helmet)
rElec   +            (no cloak)
rCorr   .            (no gloves)
SInv    .            (no boots)
Will    .....        (no amulet) Stlth
                     b - +4 ring of protection
HPRegen 0.30/turn    a - ring of protection from fire
MPRegen 0.12/turn

%: no passive effects
@: no status effects
A: sickness immunity, AC +7, negative energy resistance 1, electricity
resistance, torment resistance 1, petrification resistance
a: no special abilities


You were on level 9 of the Dungeon.
You visited 2 branches of the dungeon, and saw 10 of its levels.
You also visited: Sewer and Bailey.

You collected 635 gold pieces.

Inventory:

Hand Weapons
 m - a +0 morningstar (weapon)
 u - the +5 orcbow of the Singing Gods {elec, rF+ rC- rCorr Stlth+}
   (You took it off a kobold in a bailey)

   rF+:       It protects you from fire.
   rC-:       It makes you vulnerable to cold.
   rCorr:     It protects you from acid and corrosion.
   Stlth+:    It makes you more stealthy.
Armour
 c - a +0 buckler (worn)
 t - a +0 plate armour (worn)
Jewellery
 a - a ring of protection from fire (right hand)
 b - a +4 ring of protection (left hand)
 i - a ring of flight
 s - a ring of willpower
Wands
 w - a wand of polymorph (9)
Scrolls
 f - 6 scrolls of enchant armour
 h - a scroll of identify
 l - 2 scrolls of fog
 o - 3 scrolls of amnesia
 p - 3 scrolls of revelation
Potions
 d - 3 potions of might
 g - a potion of mutation
 k - 4 potions of lignification {unknown}
 n - 5 potions of enlightenment
 q - a potion of ambrosia
 v - a potion of cancellation {unknown}


   Skills:
 - Level 8.1 Fighting
 + Level 9.4 Maces & Flails
 + Level 10.6 Armour
 - Level 8.2 Shields


You had 9 spell levels left.
You didn't know any spells.
Your spell library contained the following spells:

 Spells                   Type           Power      Damage    Failure   Level
 Magic Dart               Conj           0%         1d3       99%         1
 Shock                    Conj/Air       0%         1d3       99%         1
 Blink                    Tloc           0%         N/A       100%        2
 Lesser Beckoning         Tloc           0%         N/A       100%        2
 Momentum Strike          Conj/Tloc      0%         3d8       100%        2
 Searing Ray              Conj           0%         2d4       100%        2
 Ozocubu's Armour         Ice            0%         N/A       100%        3
 Airstrike                Air            0%         2d(0-16)  100%        4
 Fulminant Prism          Conj/Alch      0%         3d5       100%        4
 Ignite Poison            Fire/Alch      0%         N/A       100%        4
 Sticky Flame             Fire/Alch      0%         2d4       100%        4
 Freezing Cloud           Conj/Ice/Air   0%         6-21      100%        5
 Summon Forest            Summ/Tloc      0%         N/A       100%        5
 Summon Mana Viper        Hex/Summ       0%         N/A       100%        5
 Summon Cactus Giant      Summ           0%         N/A       100%        6
 Ozocubu's Refrigeration  Ice            0%         4d7       100%        7
 Ignition                 Fire           0%         3d3       100%        8


Dungeon Overview and Level Annotations

Branches:
Dungeon (9/15)             Temple (1/1) D:5           Sewer (visited)
 Bailey (visited)
   Lair: D:8-11         Orc: D:9-12

Altars:
Ashenzari
Cheibriados
Dithmenos
Elyvilon
Fedhas
Gozag
Kikubaaqudgha
Makhleb
Nemelex Xobeh
Okawaru
Qazlal
Ru
Sif Muna
Trog
Uskayaw
Vehumet
Xom
Yredelemnul
Zin
The Shining One

Shops:
D:1 !=(   D:4 (   D:5 =

Annotations:
D:6 Grinder
D:7 2 transporters, nitefall's ghost, novice MiBe
D:9 Erica; Erolcha


Innate Abilities, Weirdness & Mutations

You are immune to sickness and miasma.
Your stone body is resilient. (AC +7)
You are immune to poison.
You resist negative energy. (rN+)
You are resistant to electric shocks. (rElec)
You are resistant to unholy torment.
You are immune to petrification.


Message History

Unknown command.
Okay, then.
You feel better. You block the killer bee's attack.
The killer bee stings you but does no damage.
The orc warrior hits you but does no damage.
The yak gores you!
* * * LOW HITPOINT WARNING * * *
The yak gores you!
* * * LOW HITPOINT WARNING * * *
Unknown command.
You feel better.
The killer bee stings you but does no damage.
The killer bee stings you.
* * * LOW HITPOINT WARNING * * *
You block the orc warrior's attack. You block the yak's attack.
The yak gores you.
* * * LOW HITPOINT WARNING * * *
Unknown command.
You feel better.
The killer bee stings you but does no damage.
The killer bee barely misses you.
The orc wizard casts a spell.
The orc wizard flickers and vanishes!
Deactivating autopickup; reactivate with Ctrl-A.
You block the orc warrior's attack. You block the yak's attack.
The yak gores you but does no damage.
Unknown command.
You barely miss the orc warrior. You block the killer bee's attack. x2
The orc warrior hits you but does no damage.
The yak gores you.
* * * LOW HITPOINT WARNING * * *
The yak gores you but does no damage.
You completely miss the orc warrior. You block the killer bee's attack.
The killer bee completely misses you.
The orc warrior hits you with a +0 battleaxe.
* * * LOW HITPOINT WARNING * * *
The yak gores you!
* * * LOW HITPOINT WARNING * * *
You block the killer bee's attack. The yak gores you!
You die...

.......Y)†).........#
###'#..##......#...######
#....##......#........#
#....##............##.#
#..##....o........#.##.#
..#. #.#.#.yoY)###.#....#
§≈§ . ...#....{y.#
#.###### ≈≈
..#######.##YY###.# . ..
#.$....o@yy...># ...
#......##Y.###.#
...#.#####......# .# #.
#...#..# . ##..#..# #
#.....# #<.##.# #...# #
#....[#


You could see 4 yaks, an orc warrior and 3 killer bees.

Vanquished Creatures
  Pikel (D:4)
  Jeremiah (D:6)
  Prince Ribbit (D:6)
  A hornet (D:8)
  2 wyverns (D:8)
  6 yaks
  A steam dragon (D:3)
  3 water moccasins
  8 orc warriors
  2 black bears (D:6)
  3 sky beasts
  An ogre (D:6)
  A phantom (D:5)
  3 kobold brigands
  Blork the orc (D:5)
  2 bullfrogs
  A scorpion (D:5)
  4 wights (D:7)
  3 jellies
  3 killer bees (D:8)
  2 howler monkeys
  7 hounds
  3 orc priests
  2 bombardier beetles
  A gnoll bouda (D:8)
  8 iguanas
  3 orc wizards
  2 sleepcaps
  5 gnolls
  9 adders
  4 river rats (D:3)
  A white imp (D:7)
  2 ufetubi (D:5)
  5 ribbon worms (D:3)
  5 dart slugs
  29 orcs
  10 ball pythons
  6 endoplasms
  7 giant cockroaches
  15 goblins
  13 hobgoblins
  8 jackals
  22 kobolds
  7 quokkas
  3 bats (D:1)
  2 frilled lizards
  9 rats
238 creatures vanquished.

Vanquished Creatures (others)
  An orc wizard (D:9)
1 creature vanquished.

Grand Total: 239 creatures vanquished

Notes
Turn   | Place    | Note
-------+----------+-------------------------------------------
     0 | D:1      | Doomgape the Gargoyle Fighter began the quest for the Orb.
     0 | D:1      | Reached XP level 1. HP: 14/14 MP: 1/1
    22 | D:1      | Found Geimil's Distillery.
   156 | D:1      | Reached XP level 2. HP: 18/19 MP: 2/2
   202 | D:1      | Found Udosoh's Jewellery Boutique.
   261 | D:1      | Found a faded altar of an unknown god.
   365 | D:1      | Reached XP level 3. HP: 23/23 MP: 3/3
   480 | D:1      | Found Pumit's Antique Weapon Boutique.
  1093 | D:2      | Reached XP level 4. HP: 27/29 MP: 4/4
  1445 | D:3      | Reached skill level 4 in Armour
  1493 | D:3      | Noticed a steam dragon
  1513 | D:3      | Killed a steam dragon
  1514 | D:3      | Reached XP level 5. HP: 28/34 MP: 5/5
  1548 | D:3      | Reached XP level 6. HP: 39/39 MP: 6/6
  1687 | D:3      | Found a glowing drain.
  1692 | Sewer    | Entered a sewer
  1796 | Sewer    | Found a glowing silver altar of Zin.
  2004 | D:3      | Found a radiant altar of Vehumet.
  2093 | D:3      | Reached skill level 5 in Shields
  2356 | D:3      | Reached skill level 5 in Fighting
  2642 | D:4      | Found Omokkoh's Antique Weapon Shop.
  2711 | D:4      | Reached skill level 5 in Armour
  2723 | D:4      | Reached XP level 7. HP: 40/44 MP: 7/7
  3292 | D:5      | Entered Level 5 of the Dungeon
  3293 | D:5      | Found Othuv's One-of-a-Kind Rings.
  3306 | D:5      | Noticed Pikel
  3345 | D:4      | Killed Pikel
  3346 | D:4      | Reached skill level 5 in Maces & Flails
  3346 | D:4      | Reached skill level 6 in Armour
  3346 | D:4      | Reached XP level 8. HP: 19/51 MP: 8/8
  3689 | D:5      | Found a staircase to the Ecumenical Temple.
  3793 | Temple   | Entered the Ecumenical Temple
  3995 | D:5      | Noticed Blork the orc
  4008 | D:5      | Killed Blork the orc
  4155 | D:6      | Reached XP level 9. HP: 56/56 MP: 9/9
  4190 | D:6      | Reached skill level 7 in Armour
  4291 | D:6      | Found a broken altar of Ashenzari.
  4294 | D:6      | Found an opulent altar of Gozag.
  4294 | D:6      | Noticed Grinder
  4301 | D:6      | Noticed Jeremiah
  4340 | D:6      | Killed Jeremiah
  4463 | D:6      | Found an ancient bone altar of Kikubaaqudgha.
  4468 | D:6      | Found an iron altar of Okawaru.
  4717 | D:6      | Noticed Prince Ribbit
  4988 | D:6      | Killed Prince Ribbit
  5757 | D:7      | Found a glowing silver altar of Zin.
  5846 | D:7      | Reached skill level 8 in Armour
  6161 | D:7      | Found a hide-covered altar of Uskayaw.
  6180 | D:7      | Noticed a hornet
  6190 | D:7      | Noticed a queen bee
  6225 | D:7      | Found a transporter.
  6229 | D:7      | Found a transporter.
  6229 | D:7      | Noticed nitefall's ghost (novice MiBe)
  6575 | D:7      | Reached XP level 10. HP: 56/64 MP: 10/10
  6757 | D:8      | Found a flagged portal.
  6780 | Bailey   | Entered a bailey
  6826 | Bailey   | Identified the +5 orcbow of the Singing Gods {elec, rF+ rC-
                  | rCorr Stlth+}
  6839 | Bailey   | Reached skill level 9 in Armour
  7119 | Bailey   | Got the Cyclopedia of the Tundra and the Nimbus
  7165 | Bailey   | Identified the +2 lajatang of Dishonour {protect, rN+
                  | Str+3}
  7500 | D:8      | Reached skill level 10 in Armour
  7582 | D:8      | Noticed a two-headed ogre
  7588 | D:8      | Found a shimmering altar of Xom.
  7761 | D:8      | Identified the +1 hand axe of Valour {flame, ^Fragile rCorr
                  | Str+2}
  7941 | D:9      | Noticed Erolcha
  8131 | D:9      | Noticed Erica
  8187 | D:9      | HP: 2/64 [yak (10)]
  8187 | D:9      | Mangled by a yak

Illustrated notes

Levels and vault maps discovered:
D:1:      lightli_arrival_lavapool, layout_basic,
          ebering_ecumenical_altar_sacrificial, serial_shops, shop, shop,
          shop_statue, minmay_worlds_worst_comb
D:2:      layout_rooms
D:3:      layout_basic, mainiacjoe_overflow_brackets, lightli_sewer_entry_pipes,
          serial_bayou, serial_bayou_pond_a, serial_bayou_crossing,
          serial_bayou_ford_a, serial_bayou_shore_a, grunt_ministairs_14
D:4:      layout_rooms, serial_shops, nicolae_stop_n_shop_2
D:5:      layout_gridville, minmay_temple_entry_drinking_statues,
          nicolae_shop_unique_rings, uniq_pikel, uniq_blork_the_orc
D:6:      layout_gridville, nicolae_overflow_hidden_temple, uniq_prince_ribbit1,
          uniq_grinder, uniq_jeremiah
D:7:      layout_loops_corners, nicolae_overflow_crystal_walls,
          lemuel_crystal_altar, gammafunk_ghost_hive
D:8:      layout_basic, lemuel_crystal_altar, enter_bailey_5,
          lightli_corner_chamber
D:9:      layout_basic, nicolae_wu_jian_wuxing_cycle, serial_park_tiny_2,
          st_stairs_8, water_maze_lemuel, uniq_erolcha, uniq_maurice, uniq_erica
Temple:   hellmonk_temple_forest_ring

Skill      XL: |  1  2  3  4  5  6  7  8  9 10 |
---------------+-------------------------------+-----
Shields        | 4 5 6 7 8 |  8.2
Fighting       | 4 5 6 8 |  8.1
Armour         | 4 5 6 8 10 | 10.6
Maces & Flails | 3 5 7 9 |  9.4

Action                     |  1- 3 |  4- 6 |  7- 9 | 10-12 || total
---------------------------+-------+-------+-------+-------++-------
  Melee: Flail             |   152 |    47 |       |       ||   199
         Morningstar       |       |   165 |   398 |   321 ||   884
  Evoke: Wand              |       |       |    14 |     4 ||    18
    Use: Potion            |       |     2 |     1 |     6 ||     9
         Scroll            |       |     2 |     5 |     1 ||     8
 Armour: Scale mail        |    66 |       |       |       ||    66
         Chain mail        |    79 |   174 |   386 |   109 ||   748
         Plate armour      |       |       |       |   266 ||   266
  Dodge: Dodged            |    73 |   112 |   179 |   145 ||   509
  Block: Buckler           |    41 |    44 |   110 |   129 ||   324
